Map: Odyssey LE

Players

Arnovic

  • Race: Protoss Protoss
  • Spawn Location: 11:00

MperorM - Winner!

  • Race: Terran Terran
  • Spawn Location: 5:00

Event: WCS Valencia 2017

VOD

Have the link to the VOD?

Description

Time

  • Played on: July 13, 2017, 8:08 a.m.
  • Length: 13:13

All games in this series

Show
View Real Time Build Order
Export as new Build Order

Arnovic Protoss 

Build Orders: 1 Gate Expand 

Get SALT Encoding   

  12  0:00  Probe (Chrono Boost)  
  13  0:11  Probe (Chrono Boost)  
  14  0:19  Pylon  
  14  0:21  Probe (Chrono Boost)  
  15  0:37  Probe (Chrono Boost), Gateway  
  16  0:48  Probe (Chrono Boost)  
  16  0:49  Assimilator  
  17  0:58  Probe (Chrono Boost)  
  18  1:09  Probe (Chrono Boost)  
  19  1:19  Nexus  
  19  1:22  Probe (Chrono Boost)  
  20  1:35  Cybernetics Core  
  20  1:36  Probe (Chrono Boost)  
  21  1:41  Assimilator  
  21  1:47  Probe (Chrono Boost)  
  22  1:53  Pylon  
  22  1:58  Probe (Chrono Boost)  
  23  2:12  Mothership Core (Chrono Boost)  
  23  2:13  Adept  
  27  2:16  Warp Gate (Chrono Boost)  
  26  2:30  Probe (Chrono Boost)  
  26  2:37  Probe (Chrono Boost)  
  28  2:38  Robotics Facility  
  28  2:41  Probe (Chrono Boost)  
  29  2:47  Probe (Chrono Boost)  
  30  2:52  Gateway  
  30  2:55  Probe (Chrono Boost)  
  31  3:04  Probe, Gateway  
  33  3:14  Stalker (Chrono Boost)  
  34  3:21  Probe  
  34  3:26  Pylon  
  36  3:27  Observer (Chrono Boost)  
  36  3:29  Probe  
  36  3:35  Probe  
  36  3:39  Stalker  
  39  3:42  Probe, Twilight Council  
  39  3:46  Observer (Chrono Boost)  
  39  3:47  Probe  
  42  3:54  Probe  
  43  3:59  Probe  
  43  4:00  Pylon  
  44  4:06  Probe  
  44  4:09  Observer  
  45  4:11  Probe  
  45  4:14  Stalker  
  49  4:18  Probe  
  49  4:19  Stalker  
  49  4:23  Probe  
  52  4:36  Probe  
  53  4:38  Probe  
  53  4:41  Warp Prism  
  53  4:45  Blink (Chrono Boost), Assimilator  
  54  4:48  Probe  
  54  4:50  Probe  
  54  4:51  Assimilator  
  58  5:00  Probe, Pylon  
  58  5:01  Pylon  
  58  5:03  Probe  
  60  5:12  Probe  
  61  5:17  Robotics Bay  
  61  5:20  Probe  
  62  5:24  Probe  
  62  5:25  Stalker  
  65  5:32  Pylon x2  
  65  5:38  Stalker x2  
  69  5:47  Probe  
  70  5:50  Pylon  
  70  5:58  Gateway  
  70  6:01  Probe, Colossus  
  70  6:02  Stalker x2, Gateway  
  70  6:03  Stalker  
  83  6:29  Forge  
  83  6:30  Pylon  
  83  6:32  Charge (Chrono Boost)  
  83  6:33  Forge  
  82  6:48  Adept x2  
  82  6:49  Adept  
  88  6:55  Nexus  
  88  6:59  Colossus  
  88  7:02  Adept x2  
  98  7:20  Extended Thermal Lance  
  98  7:21  Protoss Ground Armor Level 1 (Chrono Boost)  
  98  7:24  Zealot x2  
  96  7:39  Protoss Ground Weapons Level 1 (Chrono Boost)  
  94  7:44  Adept  
  94  7:45  Adept  
  94  7:48  Stalker  
  94  7:50  Pylon  
  94  7:51  Probe x2  
  98  7:53  Pylon  
  98  8:03  Probe x2  
  100  8:06  Probe  
  100  8:10  Colossus  
  107  8:15  Probe x2  
  107  8:16  Pylon  
  107  8:17  Probe  
  110  8:21  Pylon  
  110  8:27  Probe x3  
  110  8:29  Sentry x2  
  110  8:30  Zealot x2  
  121  8:39  Probe x2  
  121  8:40  Adept  
  123  8:43  Gateway  
  123  8:44  Gateway  
  123  8:51  Adept  
  123  8:54  Zealot, Probe  
  128  8:56  Zealot, Probe  
  128  8:57  Probe  
  131  9:06  Probe  
  132  9:14  Sentry  
  132  9:15  Zealot  
  132  9:16  Zealot x2  
  140  9:20  Protoss Ground Armor Level 2 (Chrono Boost)  
  140  9:30  Colossus  
  144  9:34  Adept  
  144  9:36  Gateway x2  
  146  9:42  Zealot  
  146  9:43  Zealot, Probe  
  149  9:46  Assimilator  
  149  9:48  Assimilator  
  125  10:01  Zealot x5  
  125  10:06  Gateway  
  133  10:07  Gateway  
  133  10:08  Gateway  
  133  10:14  Pylon  
  133  10:18  Nexus  
  133  10:21  Protoss Ground Weapons Level 2 (Chrono Boost)  
  117  10:29  Stalker  
  117  10:30  Stalker x3  
  125  10:36  Stalker x2  
  125  10:38  Disruptor  
  125  10:39  Zealot  
  125  10:40  Sentry  
  132  10:45  Templar Archives  
  132  10:48  Pylon  
  132  10:50  Pylon  
  132  10:51  Zealot  
  132  10:55  Probe  
  132  10:56  Sentry x2  
  139  11:02  Sentry  
  131  11:12  Zealot x5  
  131  11:16  Disruptor  
  112  11:26  Zealot x4  
  112  11:28  High Templar  
  119  11:34  High Templar x2  
  119  11:38  Archon  
  119  11:39  Zealot x2  
  122  11:52  Zealot x2, High Templar  
  125  11:57  Archon  
  125  12:07  Stalker x2  
  121  12:15  Pylon  
  95  12:33  Stalker x2  
  89  12:39  Stalker  
  91  12:51  Zealot  
Show
View Real Time Build Order
Export as new Build Order

MperorM Terran - Winner!

Build Orders: Reaper Expand, MMM Bio 

Get SALT Encoding   

  12  0:00  SCV  
  13  0:12  SCV  
  14  0:16  Supply Depot  
  14  0:24  SCV  
  15  0:30  Refinery  
  15  0:38  SCV  
  16  0:44  Barracks  
  16  0:50  SCV  
  17  1:02  SCV  
  18  1:14  SCV  
  19  1:30  Orbital Command  
  19  1:31  Reaper  
  20  1:43  Command Center  
  20  1:53  Factory  
  20  1:57  SCV  
  21  2:06  Supply Depot  
  21  2:07  Barracks Reactor  
  21  2:10  SCV  
  22  2:15  Refinery  
  22  2:24  SCV  
  23  2:36  SCV  
  24  2:42  Starport  
  24  2:47  Widow Mine  
  24  2:48  Marine x2, SCV  
  29  3:00  SCV  
  30  3:05  Marine  
  30  3:06  Marine  
  30  3:12  SCV  
  33  3:13  Orbital Command  
  33  3:17  Widow Mine  
  35  3:20  Medivac  
  35  3:23  Supply Depot  
  35  3:24  SCV  
  38  3:28  Marine x2  
  40  3:36  SCV  
  40  3:39  SCV  
  42  3:46  Marine x2  
  46  3:49  Factory Reactor  
  46  3:50  SCV  
  45  3:58  Starport Reactor  
  45  4:00  SCV  
  46  4:04  Command Center  
  46  4:05  Supply Depot  
  46  4:06  SCV  
  47  4:13  Marine x2  
  47  4:16  Barracks  
  49  4:18  SCV  
  50  4:25  SCV  
  50  4:30  Widow Mine x2  
  54  4:33  Barracks  
  54  4:35  SCV  
  54  4:36  Engineering Bay  
  53  4:40  SCV  
  53  4:42  Marine  
  53  4:43  Marine  
  53  4:45  Medivac  
  54  4:47  SCV  
  54  4:49  Engineering Bay  
  55  4:52  SCV  
  55  4:54  Refinery  
  56  5:01  SCV  
  56  5:03  Barracks Tech Lab  
  56  5:05  Terran Infantry Weapons Level 1  
  56  5:06  SCV, Factory Tech Lab  
  58  5:08  Marine x2  
  58  5:10  Medivac  
  62  5:15  SCV, Medivac  
  62  5:20  Terran Infantry Armor Level 1  
  65  5:22  Barracks Tech Lab  
  65  5:23  SCV  
  65  5:26  Refinery  
  66  5:32  Marine x3  
  66  5:33  SCV  
  70  5:37  Siege Tank  
  70  5:40  SCV  
  74  5:46  SCV  
  77  5:51  Supply Depot x2  
  77  5:55  Stimpack  
  77  5:58  Marauder  
  77  6:00  Orbital Command  
  77  6:02  Combat Shields  
  77  6:05  Refinery  
  77  6:12  Marine x2  
  77  6:13  Marauder, SCV  
  77  6:15  Siege Tank  
  77  6:17  SCV  
  86  6:20  Supply Depot  
  86  6:24  Liberator  
  86  6:25  SCV  
  87  6:29  SCV x2  
  87  6:32  Marine x2  
  89  6:33  Marauder  
  93  6:44  Marauder  
  93  6:47  SCV x2  
  95  6:48  SCV, Armory  
  95  6:50  Siege Tank  
  98  6:54  Refinery  
  98  6:55  Supply Depot  
  98  6:58  Marine x2, Supply Depot  
  100  7:03  SCV  
  101  7:17  Marauder x2, SCV x2, Medivac  
  101  7:19  SCV  
  101  7:21  Marine x2  
  112  7:24  Medivac  
  112  7:29  SCV  
  115  7:31  Siege Tank  
  115  7:32  SCV  
  115  7:33  Liberator  
  115  7:37  Liberator, SCV  
  115  7:40  Terran Infantry Armor Level 2, Marine x2  
  115  7:41  Marauder  
  117  7:44  SCV  
  117  7:46  Marauder, SCV  
  122  7:53  SCV  
  126  8:04  Terran Infantry Weapons Level 2  
  126  8:07  Marine x2  
  126  8:08  Marauder, SCV x3  
  133  8:19  Supply Depot  
  133  8:21  Marauder, SCV  
  133  8:22  Liberator  
  133  8:23  Liberator, SCV  
  134  8:36  Marine x2  
  134  8:37  Marauder  
  144  8:41  Barracks  
  144  8:43  Siege Tank, Barracks  
  144  8:46  SCV x2, Starport  
  149  9:00  Marine  
  149  9:01  Marauder x2, SCV  
  149  9:02  Supply Depot  
  155  9:09  Marine  
  150  9:10  Liberator  
  150  9:11  Liberator  
  149  9:25  Siege Tank  
  149  9:28  Marauder x2  
  149  9:29  Liberator  
  158  9:32  Barracks Reactor, Barracks Tech Lab  
  158  9:35  Liberator, SCV x2  
  158  9:37  SCV  
  160  9:40  Marine  
  160  9:41  Marine  
  161  9:47  SCV  
  161  9:51  SCV  
  165  9:52  SCV  
  165  9:55  Liberator  
  165  9:56  Marauder, Marine  
  165  9:59  SCV  
  156  10:07  Siege Tank, Marine x2  
  156  10:10  Terran Infantry Armor Level 3  
  161  10:26  Marine x2  
  161  10:27  Marauder, SCV x2  
  157  10:28  Terran Infantry Weapons Level 3  
  154  10:39  Marine  
  154  10:40  Marine x3  
  156  10:47  SCV x3  
  156  10:48  Marauder  
  161  10:52  Supply Depot  
  161  10:53  Command Center, Supply Depot  
  161  11:02  Marine  
  161  11:03  Marauder, Marine x2  
  164  11:06  SCV  
  150  11:21  Marine  
  150  11:22  Liberator x2, Marine x5  
  150  11:23  Liberator  
  150  11:24  Liberator, Marine  
  153  11:32  SCV  
  154  11:39  Marine  
  158  11:40  Marauder, Marine x3  
  172  11:51  Marauder  
  172  11:52  Marauder  
  176  11:59  Marine x3  
  179  12:02  Marauder  
  179  12:05  Liberator x2  
  177  12:19  Marine x6  
  177  12:21  Siege Tank  
  189  12:23  Marauder  
  192  12:37  Marauder x2, Marine x2  
  181  12:53  SCV, Marine  
  181  12:54  Marine x2  
Tags
 
Add a new tag
Caveats
  • Supply blocks, unpowered buildings, or Contaminate may cause inaccurate times.
  • Supply counts are checked every 10 seconds.